 Dungeon Crawl Stone Soup version 0.14.1-24-gbdbe590 (webtiles) character file.

436410 Konstantin the Warrior (level 23, -7/116 HPs)
             Began as a Vine Stalker Enchanter on June 21, 2014.
             Was a High Priest of Lugonu.
             Killed from afar by an ice dragon (46 damage)
             ... with a blast of cold
             ... summoned by a boggart
             ... on Level 1 of the Depths on July 3, 2014.
             The game lasted 1day 04:54:23 (92951 turns).

Konstantin the Warrior (Vine Stalker Enchanter) Turns: 92951, Time: 1, 04:54:32

HP  -7/116       AC 20     Str 16      XL: 23   Next: 65%
MP   0/38        EV 25     Int 19      God: Lugonu [*****.]
Gold 1160        SH  0     Dex 19      Spells: 17 memorised,  0 levels left

rFire  + . .     SeeInvis +     a - +9 short sword (distort)
rCold  . . .     Clarity  .     A - +4 leather armour of Generosity {Str+3 Dam+2}
rNeg   + + .     Conserve .     (no shield)
rPois  .         rCorr    .     B - +2 helmet
rElec  +         rRot     +     Q - +2 cloak {MR+}
SustAb + .       Spirit   +     q - +1 pair of gloves of the Republic {rElec rN+ SInv Stlth-}
rMut   .         Warding  +     r - +2 pair of boots
Saprov . . .     Rnd*Tele +     F - amulet of warding
MR     +++..                    g - ring of protection from fire
                                f - ring of sustain abilities

@: extremely resistant to hostile enchantments, extremely stealthy
A: fangs 3, repulsion field 1, slimy green scales 1, deterioration 1, frail 1,
low mp 1, regeneration 3, teleportitis 1, magic shield, antimagic bite, no
device heal
a: Depart the Abyss, Bend Space, Banish, Corrupt, Enter the Abyss, Renounce
Religion
}: 3/15 runes: serpentine, barnacled, abyssal


You were on level 1 of the Depths.
You worshipped Lugonu.
Lugonu was extremely pleased with you.
You were not hungry.

You visited 10 branches of the dungeon, and saw 45 of its levels.
You visited the Abyss 7 times.
You also visited: Sewer, Bailey, Ice Cave and Volcano.

You collected 5901 gold pieces.
You spent 4575 gold pieces at shops.

Inventory:

Hand weapons
 a - a +9,+9 short sword of distortion (weapon)
Armour
 h - a +0 leather armour of cold resistance
 l - a +1 leather armour of cold resistance
 q - the +1 pair of gloves of the Republic (worn) {rElec rN+ SInv Stlth-}
   (You found it on level 4 of the Dungeon)

   It insulates you from electricity.
   It protects you from negative energy.
   It enhances your eyesight.
   It makes you much less stealthy.
 r - a +2 pair of boots (worn)
 v - a +2 cloak of poison resistance
 A - the +4 leather armour of Generosity (worn) {Str+3 Dam+2}
   (You found it on level 5 of the Dungeon)

   It affects your strength (+3).
   It affects your damage with ranged weapons and melee attacks (+2).
 B - a +2 helmet (worn)
 E - the -1 robe of Altruism {MR++ Int+1 Dam+3 SInv}
   (You found it on level 3 of the Elven Halls)

   It affects your intelligence (+1).
   It affects your damage with ranged weapons and melee attacks (+3).
   It affects your resistance to hostile enchantments.
   It enhances your eyesight.
 G - a +2 robe of positive energy
 H - a +2 robe of resistance
 Q - a +2 cloak of magic resistance (worn)
 S - a +3 leather armour of fire resistance
Magical devices
 P - a wand of paralysis (8)
 R - a wand of polymorph (14)
 T - a wand of enslavement (0)
Comestibles
 u - 5 chunks of deep troll flesh
 w - 10 bread rations
 U - a royal jelly
Scrolls
 d - 3 scrolls of teleportation
 k - 3 scrolls of fear
 m - 4 scrolls of identify
 o - 3 scrolls of remove curse
 y - 3 scrolls of magic mapping
 V - a scroll of holy word
Jewellery
 b - an uncursed ring of poison resistance
 e - an uncursed amulet of conservation
 f - a ring of sustain abilities (left hand)
 g - a ring of protection from fire (right hand)
 j - an uncursed ring of positive energy
 x - the amulet "Tygipp" {Gourm rF+ Acc+2}
   (You acquired it on level 9 of the Dungeon)

   [amulet of the gourmand]

   It affects your accuracy with ranged weapons and melee attacks (+2).
   It protects you from fire.
 F - an amulet of warding (around neck)
 K - an uncursed amulet of stasis
 M - the amulet of Pigaohih {Clar Str+1 Dex+1 Int+1}
   (You found it on level 3 of the Elven Halls)

   [amulet of clarity]

   It affects your strength (+1).
   It affects your intelligence (+1).
   It affects your dexterity (+1).
 O - an uncursed ring of magical power
 W - an uncursed ring of ice
 X - the amulet of the Air {Inacc +Fly rElec EV+5 RMsl}
   (You found it on level 3 of the Elven Halls)

   [amulet of inaccuracy]

   It affects your evasion (+5).
   It insulates you from electricity.
   It lets you fly.
   It protects you from missiles.
Potions
 i - 2 potions of curing
 n - 2 potions of magic
 s - a potion of lignification
 t - 3 potions of restore abilities
Miscellaneous
 p - a plain deck of war {drawn: 2}


   Skills:
 * Level 16.5 Fighting
 * Level 15.5 Short Blades
 - Level 0.8 Throwing
 * Level 13.6 Dodging
 + Level 15.2 Stealth
 * Level 16.1 Spellcasting
 - Level 6.3 Conjurations
 * Level 16.2 Hexes
 - Level 5.0 Charms
 + Level 8.4 Summonings
 + Level 11.3 Ice Magic
 + Level 7.7 Invocations


You couldn't memorise any spells.
You knew the following spells:

 Your Spells              Type           Power        Failure   Level  Hunger
a - Corona                Hex            ######.      0%          1    None
b - Ensorcelled Hibernat  Hex/Ice        ######       1%          2    None
c - Summon Guardian Gole  Hex/Summ       ######..     1%          4    None
d - Confuse               Hex            ######..     0%          3    None
e - Invisibility          Hex            ######..     1%          6    #####..
f - Freeze                Ice            ####         1%          1    None
g - Shock                 Conj/Air       ####         1%          1    None
h - Throw Icicle          Conj/Ice       #####...     1%          4    None
i - Enslavement           Hex            ######..     1%          4    None
j - Static Discharge      Conj/Air       ####....     3%          3    None
k - Stone Arrow           Conj/Erth      ####..       3%          3    None
l - Sure Blade            Hex/Chrm       ######....   1%          2    None
m - Dazzling Spray        Conj/Hex       ######..     1%          3    None
n - Fulminant Prism       Conj/Hex       ######....   1%          4    None
o - Inner Flame           Hex/Fire       #####...     1%          3    None
p - Cause Fear            Hex            ######....   1%          4    None
q - Mass Confusion        Hex            ######....   1%          6    #####..


Dungeon Overview and Level Annotations

Branches:
Dungeon (15/15)            Temple (1/1) D:5             Orc (4/4) D:10
    Elf (3/3) Orc:4          Lair (8/8) D:9          Shoals (5/5) Lair:4
  Snake (5/5) Lair:5        Slime (0/6) Lair:8       Vaults (2/5) D:13
   Hell (1/1)                 Geh (0/7) Hell         Depths (1/5) D:15
  Crypt: Vaults:2-3     Dis: Hell:1         Coc: Hell:1         Tar: Hell:1

Altars:
Ashenzari
Cheibriados
Dithmenos
Elyvilon
Fedhas
Kikubaaqudgha
Makhleb
Nemelex Xobeh
Okawaru
Sif Muna
Trog
Vehumet
Xom
Yredelemnul
Zin
The Shining One

Shops:
D:5 (   D:9 ?   Orc:2 }   Orc:3 ?   Orc:4 [**(:   Shoals:2 *   Shoals:4 }
Shoals:5 :*

Portals:
Hell: Depths:1
Abyss: Depths:1

Annotations:
Vaults:2 Saint Roka
Hell Geryon


Innate Abilities, Weirdness & Mutations

You are immune to rotting.
You have razor-sharp teeth.
You regenerate.
When hurt, damage is shared between your health and your magic reserves.
Your bite disrupts and absorbs the magic of your enemies.
Potions and wands cannot restore your HP.
You are surrounded by a mild repulsion field (EV +2).
You are partially covered in slimy green scales (AC +2).
Your body is slowly deteriorating.
You are frail (-10% HP).
Your magical capacity is low (-10% MP).
Space occasionally distorts in your vicinity.


Message History

The yaktaur tries to attack you, but flinches away.
The boggart blinks!
The yaktaur tries to attack you, but flinches away.
The vampire casts a spell.
The vampire flickers and vanishes for a moment.
The boggart blinks!
The ice dragon misses you.
The ice dragon tries to attack you, but flinches away.
The ice dragon completely misses you.
The yaktaur wields an uncursed crossbow.
The yaktaur shoots a bolt.
The bolt hits you!
The bolt dissolves into shadows!
The yaktaur shoots a bolt.
The bolt hits you!
The bolt dissolves into shadows!
The ice dragon breathes frost at you. The blast of cold misses you.
The boggart mumbles some strange words.
The boggart flickers and vanishes for a moment.
The ice dragon breathes frost at you. The blast of cold hits you!
Your potion of resistance freezes and shatters!
Your potion of haste freezes and shatters!
You die...

######.#######.# #....#
....#...### #.#####.##.#
..........## #.......##.#
.≈≈≈≈≈≈≈...# #####.####.######
≈≈##≈##≈≈.§# #...# #......#
≈∩######≈..# ##...## ###'##.#
≈## ##[..# #.[...###....#.#
≈######∩≈..####.....#.'.#..#.#
≈≈##≈##≈≈.CVCD..@<....#..#.'.#
.≈≈≈≈≈≈≈.g.scY......###....###
..........####......####'###
#...#.....####.##.#......#
....#.....[.......########
#####.##..####.####
#####.##....##.#
......###..Y##.# #####.#
##..##.#


You could see an emperor scorpion, a dire elephant, a fire giant, an ice dragon,
a hill giant, a yaktaur, a vampire (invisible) and a boggart (invisible).

Vanquished Creatures
  Xtahua (Vaults:2)
  Nikola (Depths:1)
  2 bone dragons
  2 liches
  Asterion (Shoals:2)
  Vashnia (Snake:4)
  4 deep elf blademasters
  2 Executioners
  4 deep elf master archers (Elf:3)
  21 tentacled starspawn
  Agnes (Vaults:1)
  Frances (Shoals:1)
  Rupert (Lair:5)
  Ilsuiw (Shoals:5)
  7 greater nagas
  Wiglaf (Vaults:2)
  A ghost moth (Abyss:2)
  5 deep elf sorcerers
  2 orc warlords (Orc:3)
  Aizul (Snake:3)
  A cacodemon (Abyss:1)
  3 vault wardens (Vaults:2)
  4 deep elf demonologists
  A stone giant (Depths:1)
  A draconian shifter (Abyss:1)
  A green draconian (Abyss:1)
  2 lorocyprocas (Abyss:1)
  4 deep elf annihilators
  A draconian caller (Abyss:2)
  A pale draconian (Abyss:1)
  A white draconian (IceCv)
  3 dire elephants (Depths:1)
  2 ettins (Depths:1)
  An eidolon (Abyss:1)
  Snorg (Lair:5)
  3 deep elf death magi (Elf:3)
  11 merfolk javelineers
  5 vault guards (D:13)
  6 yaktaur captains
  A blizzard demon (Abyss:5)
  2 minotaurs (Depths:1)
  A green death (Abyss:1)
  A quicksilver dragon zombie (Abyss:1)
  5 sirens
  3 deep elf high priests (Elf:3)
  9 merfolk impalers
  Fannar (Elf:1)
  A fire dragon (Vaults:1)
  6 ironheart preservers
  A great orb of eyes (Abyss:2)
  Harold (D:10)
  7 hydras
  13 naga warriors
  9 ogre magi
  4 merfolk aquamancers
  4 rakshasas
  2 alligator snapping turtles
  19 anacondas
  A deep troll earth mage (Depths:1)
  A tengu warrior (D:14)
  2 satyrs
  7 death yaks
  15 thrashing horrors
  8 naga sharpshooters
  2 soul eaters
  Urug (D:10)
  3 orc high priests (Orc:4)
  3 hell hogs
  6 shock serpents
  11 very ugly things
  Nergalle (Lair:6)
  4 centaur warriors
  3 deep troll shamans
  12 harpies
  8 sun demons
  A salamander mystic (Snake:3)
  13 deep elf knights
  7 wretched stars
  7 spatial maelstroms
  A catoblepas (Abyss:3)
  A shadow demon (Abyss:1)
  A skeletal warrior (Vaults:2)
  An ice devil (Abyss:4)
  5 iron trolls
  12 sea snakes
  3 wizards
  Erolcha (D:13)
  4 water nymphs
  9 deep trolls
  A shadow wraith (Abyss:1)
  2 death drakes (Abyss:4)
  6 unseen horrors
  A swamp dragon (shapeshifter) (Vaults:1)
  An ice statue (IceCv)
  7 deep elf summoners
  2 flaming corpses
  9 naga ritualists
  9 mana vipers
  6 ironbrand convokers
  A giant orange brain (Abyss:1)
  13 deep elf conjurers
  A necromancer (Abyss:4)
  35 large abominations
  Joseph (D:8)
  8 hill giants
  8 cyclopes
  16 manticores
  11 red wasps
  10 orc knights
  12 fauns
  7 griffons
  8 orc sorcerers
  A wolf spider zombie (D:13)
  A wolf spider (Vaults:1)
  3 oklob plants
  A draconian (shapeshifter) (Vaults:1)
  8 salamanders
  13 guardian serpents
  5 worldbinders
  27 slime creatures
  4 apocalypse crabs
  12 elephants
  2 vault sentinels
  8 mermaids
  A drowned soul (Shoals:2)
  15 smoke demons
  6 orange demons
  26 black mambas
  A black mamba (shapeshifter) (Elf:3)
  A fire giant skeleton (Abyss:2)
  7 sixfirhies
  A spiny frog (shapeshifter) (Abyss:1)
  10 spiny frogs
  2 feature mimics
  Psyche (D:8)
  13 naga magi
  6 efreet
  11 polar bears (IceCv)
  3 gargoyles
  A queen ant (Lair:3)
  26 yaktaurs
  A centaur zombie (D:15)
  2 freezing wraiths
  8 trolls
  4 kobold demonologists
  13 deep elf priests
  2 tengu conjurers
  An elf (shapeshifter) (D:15)
  16 ancient zymes
  2 fire drakes
  A jumping spider (shapeshifter) (Abyss:1)
  4 hellwings
  3 iron devils
  41 merfolk
  2 wind drakes
  2 hell beasts (Depths:1)
  A spriggan druid (Lair:8)
  A swamp drake (D:8)
  7 giant fireflies (Lair:8)
  5 komodo dragons
  Sonja (Orc:4)
  49 raiju
  12 two-headed ogres
  A wind drake (shapeshifter) (D:14)
  A snapping turtle (shapeshifter) (Vaults:2)
  2 komodo dragons (shapeshifter)
  3 ravens
  5 snapping turtles
  5 boggarts (D:13)
  35 blink frogs
  A frost giant simulacrum (Abyss:2)
  A catoblepas skeleton (Abyss:3)
  A basilisk (Lair:5)
  5 boulder beetles
  3 grizzly bears (Lair:8)
  44 ugly things
  12 spriggans (Lair:8)
  12 ynoxinuls
  A hill giant zombie (D:13)
  A redback (Lair:5)
  A vampire (Depths:1)
  24 flying skulls
  A redback (shapeshifter) (Depths:1)
  A shadow (Abyss:1)
  A stone giant simulacrum (Abyss:4)
  13 water elementals
  4 wraiths
  13 fire bats
  3 trapdoor spiders
  9 golden eyes
  11 neqoxecs
  26 deep elf magi
  3 wyverns
  Eustachio (D:4)
  A human (D:7)
  3 hungry ghosts
  18 sharks
  A shock serpent simulacrum (Abyss:1)
  54 yaks
  9 chaos spawn
  Grum (D:8)
  A hill giant skeleton (D:14)
  4 wargs
  22 vampire mosquitoes
  37 wolves
  22 deep elf fighters
  11 hippogriffs
  A mottled dragon (Vaults:1)
  Edmund (D:4)
  57 nagas
  8 spatial vortices
  6 soldier ants (Lair:3)
  6 porcupines
  4 hell hounds (Abyss:1)
  49 small abominations
  3 sky beasts
  3 ice beasts
  21 water moccasins
  A giant goldfish (Lair:4)
  A slave (D:8)
  6 yellow wasps
  2 phantoms
  34 ogres
  2 manticore zombies (D:14)
  4 spiders
  49 orc warriors
  68 starcursed masses
  10 black bears
  9 crocodiles
  A black mamba simulacrum (Abyss:1)
  19 centaurs
  Sigmund (D:5)
  2 yaktaur zombies (D:15)
  An apocalypse crab zombie (Abyss:5)
  19 giant frogs
  2 brain worms (Abyss:1)
  A brain worm (shapeshifter) (Depths:1)
  3 big kobolds (Vaults:1)
  8 giant slugs
  Blork the orc (D:5)
  2 earth elementals
  2 cyclops zombies
  A lava worm (D:15)
  6 insubstantial wisps (Abyss:1)
  2 raiju zombies (Abyss:4)
  An eye of draining (Abyss:4)
  2 killer bees
  2 hippogriff zombies
  5 scorpions
  3 wights (D:8)
  5 electric eels
  An orc simulacrum (Vaults:2)
  5 crimson imps
  11 quasits
  7 big fish
  3 goliath beetles
  A gnoll shaman (D:8)
  5 jellies
  An orange rat (Sewer)
  Crazy Yiuf (D:5)
  8 iguanas
  28 orc priests
  A two-headed ogre zombie (D:9)
  4 iron imps
  25 worker ants
  9 hounds
  35 orc wizards
  6 lightning spires (Abyss:5)
  14 sheep
  Ijyb (D:2)
  2 ogre skeletons
  2 mummies (D:8)
  40 adders
  7 gnolls
  72 green rats
  A steam dragon skeleton (D:11)
  6 white imps
  An inept feature mimic (D:11)
  9 shadow imps
  14 worms
  4 giant mites
  48 ufetubi
  2 orc skeletons
  5 giant eyeballs
  5 giant geckos
  3 oozes
  196 orcs
  A bat zombie (D:5)
  6 giant cockroaches
  A gnoll zombie (D:5)
  19 hobgoblins
  17 kobolds
  15 quokkas
  13 ball pythons
  28 bats
  7 giant newts
  A giant spore (D:11)
  21 goblins
  26 jackals
  2 kobold skeletons
  2 lurking horrors
  4 orc zombies (D:8)
  A quokka skeleton (D:7)
  31 rats
  6 ballistomycetes
  2 bushes
  A butterfly (Lair:3)
  7 fungi
  5 plants
  32 starspawn tentacles
  2 starspawn tentacle segments (Abyss:1)
  A tentacle (Abyss:4)
2621 creatures vanquished.

Vanquished Creatures (collateral kills)
  A siren (Shoals:5)
  A merfolk impaler (Shoals:5)
  A large abomination (Abyss:2)
  Pikel (D:8)
  A harpy (Shoals:1)
  An elephant (Lair:4)
  A griffon (Shoals:1)
  2 polar bears (IceCv)
  A snapping turtle (Shoals:5)
  5 yaks
  A hungry ghost (D:14)
  2 wolves
  A spider (Shoals:5)
  An orc wizard (Orc:4)
20 creatures vanquished.

Vanquished Creatures (others)
  A rakshasa (Abyss:1)
  An anaconda (Snake:4)
  A thrashing horror (Shoals:1)
  A soul eater (Shoals:1)
  5 ball lightnings (Lair:8)
  2 unseen horrors
  2 naga ritualists
  A water nymph (Shoals:1)
  An orc sorcerer (Orc:3)
  A worldbinder (Shoals:1)
  A manticore (Depths:1)
  A starcursed mass (Abyss:1)
  11 drowned souls
  A guardian serpent (Snake:5)
  A black mamba (Snake:4)
  A merfolk (Shoals:1)
  An iron devil (Shoals:1)
  A guardian golem (Lair:6)
  A two-headed ogre (Vaults:2)
  2 boggarts (Depths:1)
  A hydra skeleton (Shoals:1)
  A raiju (Abyss:1)
  A grizzly bear (Lair:8)
  2 water elementals (Shoals:1)
  A shark (Shoals:5)
  A golden eye (Abyss:1)
  A deep elf mage (Elf:3)
  A chaos spawn (Abyss:1)
  2 vampire mosquitoes (Shoals:2)
  A hippogriff (Shoals:1)
  2 wolves (Lair:8)
  2 dancing weapons
  2 water moccasins
  2 nagas
  10 spiders
  5 orc warriors
  A small abomination (Shoals:1)
  2 ogres (Vaults:2)
  An earth elemental (D:13)
  15 fulminant prisms
  2 orc priests
  3 ufetubi (Abyss:2)
  A green rat (Lair:1)
  5 giant mites
  15 chimeras
  3 orcs
  A giant spore (D:7)
  2 lurking horrors
  4 fungi
  10 plants
  71 starspawn tentacles
  382 starspawn tentacle segments
  4 tentacles (Abyss:4)
  102 tentacle segments (Abyss:4)
  7 toadstools (D:9)
703 creatures vanquished.

Grand Total: 3344 creatures vanquished

Notes
Turn   | Place    | Note
--------------------------------------------------------------
     0 | D:1      | Konstantin, the Vine Stalker Enchanter, began the quest for the Orb.
     0 | D:1      | Reached XP level 1. HP: 9/9 MP: 3/3
    99 | D:1      | Reached skill level 1 in Short Blades
   164 | D:1      | Reached XP level 2. HP: 13/13 MP: 3/5
   214 | D:1      | Learned a level 2 spell: Ensorcelled Hibernation
   217 | D:1      | Learned a level 2 spell: Sure Blade
   949 | D:1      | Reached XP level 3. HP: 9/17 MP: 1/7
  1196 | D:2      | Reached skill level 1 in Fighting
  1216 | D:2      | Reached XP level 4. HP: 19/22 MP: 7/9
  1615 | D:2      | Noticed Ijyb
  1637 | D:2      | Killed Ijyb
  1637 | D:2      | Reached XP level 5. HP: 20/25 MP: 8/11
  2869 | D:3      | Reached skill level 1 in Ice Magic
  2874 | D:3      | Learned a level 3 spell: Confuse
  3411 | D:3      | Gained mutation: You heal very quickly. [vine stalker growth]
  3411 | D:3      | Reached XP level 6. HP: 30/30 MP: 13/13
  3484 | D:4      | Noticed Edmund
  3541 | D:4      | Gained mutation: You are partially covered in slimy green scales (AC +2). [potion of beneficial mutation]
  3559 | D:4      | Found a sparkling altar of Nemelex Xobeh.
  3885 | D:4      | Noticed Eustachio
  3954 | D:4      | Reached skill level 1 in Charms
  4051 | D:4      | Found a glowing drain.
  4076 | Sewer    | Entered a sewer
  4262 | Sewer    | Reached skill level 4 in Hexes
  4431 | Sewer    | Reached XP level 7. HP: 17/35 MP: 4/16
  4902 | D:4      | Learned a level 4 spell: Enslavement
  5010 | D:4      | Killed Edmund
  5121 | D:4      | Got a pair of fine gloves
  5124 | D:4      | Identified the +1 pair of gloves of the Republic {rElec rN+ SInv Stlth-} (You found it on level 4 of the Dungeon)
  5173 | D:4      | Killed Eustachio
  5318 | D:4      | Gained mutation: You have razor-sharp teeth. [vine stalker growth]
  5318 | D:4      | Reached XP level 8. HP: 24/39 MP: 4/19
  5498 | D:5      | Entered Level 5 of the Dungeon
  5521 | D:5      | Noticed Sigmund
  5606 | D:5      | Killed Sigmund
  5826 | D:5      | Got a twisted leather armour
  5834 | D:5      | Identified the cursed +4 leather armour of Generosity {Str+3 Dam+2} (You found it on level 5 of the Dungeon)
  5884 | D:5      | Found Lozenn's Antique Weapon Emporium.
  5891 | D:5      | Bought a runed dagger for 44 gold pieces
  6053 | D:5      | Noticed Blork the orc
  6061 | D:5      | Killed Blork the orc
  6212 | D:5      | Found a staircase to the Ecumenical Temple.
  6216 | Temple   | Entered the Ecumenical Temple
  6578 | D:5      | Noticed Crazy Yiuf
  6586 | D:5      | Killed Crazy Yiuf
  6996 | D:6      | Found a sparkling altar of Nemelex Xobeh.
  7017 | D:6      | Reached skill level 5 in Hexes
  7641 | D:7      | Found a flagged portal.
  7671 | Bailey   | Entered a bailey
  7813 | Bailey   | Reached XP level 9. HP: 21/45 MP: 4/22
  8697 | Bailey   | Reached skill level 5 in Stealth
  8765 | Bailey   | Found a roughly hewn altar of Beogh.
  8765 | Bailey   | Noticed an orc knight
  8815 | Bailey   | Killed an orc knight
  8815 | Bailey   | Reached skill level 5 in Spellcasting
  8929 | Bailey   | Reached skill level 5 in Short Blades
  8929 | Bailey   | Reached skill level 6 in Hexes
  9475 | D:7      | Found a shadowy altar of Dithmenos.
  9475 | D:7      | Noticed a deep elf priest
  9494 | D:7      | Killed a deep elf priest
  9494 | D:7      | Reached skill level 5 in Dodging
  9494 | D:7      | Reached XP level 10. HP: 49/51 MP: 22/24
  9519 | D:7      | Reached skill level 5 in Fighting
  9951 | D:8      | Noticed Grum
  9974 | D:8      | Grum (ally) was killed
  9974 | D:8      | Your ally died
 10328 | D:8      | Got a tattered robe
 10336 | D:8      | Identified the +1 robe of Trog's Condemnation {+Rage Int+3 SInv} (You found it on level 8 of the Dungeon)
 10514 | D:8      | Noticed Joseph
 10760 | D:8      | Noticed Pikel
 10771 | D:8      | Killed Pikel
 10889 | D:8      | Noticed Psyche
 10908 | D:8      | Killed Psyche
 11477 | D:9      | Found a staircase to the Lair.
 11588 | D:9      | Reached skill level 7 in Hexes
 11666 | D:9      | Reached XP level 11. HP: 45/58 MP: 27/27
 11823 | D:9      | Found a blossoming altar of Fedhas.
 11876 | D:9      | Noticed an oklob plant
 12032 | D:9      | Killed an oklob plant
 12211 | D:9      | Found Cikhiown's Magic Scroll Emporium.
 12236 | D:9      | Bought a scroll of enchant weapon III for 320 gold pieces
 12523 | D:9      | Found a blossoming altar of Fedhas.
 12527 | D:9      | Found a radiant altar of Vehumet.
 12529 | D:9      | Found a snail-covered altar of Cheibriados.
 12534 | D:9      | Became a worshipper of Vehumet
 12797 | Lair:1   | Entered Level 1 of the Lair of Beasts
 12921 | Lair:1   | Found a frozen archway.
 12937 | IceCv    | Entered an ice cave
 13139 | IceCv    | Acquired Vehumet's first power
 13139 | IceCv    | Offered knowledge of Freeze by Vehumet.
 13142 | IceCv    | Learned a level 1 spell: Freeze
 13296 | IceCv    | Reached skill level 8 in Fighting
 13668 | IceCv    | Noticed an ice statue
 13707 | IceCv    | Killed an ice statue
 13707 | IceCv    | Gained mutation: You regenerate. [vine stalker growth]
 13707 | IceCv    | Reached XP level 12. HP: 35/65 MP: 29/29
 13710 | IceCv    | Reached skill level 5 in Charms
 13804 | IceCv    | Noticed a death yak
 13806 | IceCv    | Reached skill level 5 in Ice Magic
 13835 | IceCv    | Killed a death yak
 14118 | IceCv    | Offered knowledge of Shock by Vehumet.
 14121 | IceCv    | Learned a level 1 spell: Shock
 14142 | IceCv    | Noticed a death yak
 14142 | IceCv    | Noticed a white draconian
 14179 | IceCv    | Killed a death yak
 14179 | IceCv    | Reached skill level 9 in Fighting
 14479 | IceCv    | Killed a white draconian
 14572 | IceCv    | Learned a level 2 spell: Freezing Aura
 14578 | IceCv    | Learned a level 5 spell: Metabolic Englaciation
 14909 | D:9      | Bought a scroll of identify for 32 gold pieces
 14909 | D:9      | Bought a scroll of identify for 32 gold pieces
 14909 | D:9      | Bought a scroll of enchant weapon II for 88 gold pieces
 15100 | Lair:1   | Reached skill level 1 in Conjurations
 16373 | D:8      | Killed Joseph
 16661 | Lair:1   | Offered knowledge of Static Discharge by Vehumet.
 17349 | Lair:3   | Acquired Vehumet's second power
 17464 | Lair:3   | Found a dark tunnel.
 17475 | Volcano  | Entered a volcano
 17592 | Volcano  | Reached XP level 13. HP: 56/72 MP: 30/30
 17730 | D:9      | Bought a scroll of teleportation for 48 gold pieces
 17730 | D:9      | Bought a scroll of teleportation for 48 gold pieces
 17799 | Lair:2   | Learned a level 3 spell: Static Discharge
 17848 | Lair:3   | Offered knowledge of Stone Arrow by Vehumet.
 17864 | Lair:3   | Reached skill level 10 in Fighting
 18380 | Lair:3   | Acquired Vehumet's third power
 18452 | Lair:3   | Learned a level 3 spell: Stone Arrow
 18525 | Lair:3   | Offered knowledge of Throw Icicle by Vehumet.
 18624 | Lair:1   | Learned a level 4 spell: Throw Icicle
 19835 | Lair:4   | Found a staircase to the Shoals.
 20001 | Lair:4   | Offered knowledge of Olgreb's Toxic Radiance by Vehumet.
 20601 | Lair:5   | Found a staircase to the Snake Pit.
 21142 | Lair:5   | Reached skill level 11 in Fighting
 21539 | Lair:5   | Reached skill level 10 in Hexes
 21691 | Lair:6   | Noticed Snorg
 21806 | D:10     | Entered Level 10 of the Dungeon
 21961 | D:10     | Got a heavy robe
 21968 | D:10     | Identified the +2 robe of the Eagle {rPois} (You found it on level 10 of the Dungeon)
 22142 | D:10     | Found a staircase to the Orcish Mines.
 22202 | D:10     | Noticed Harold
 22227 | D:10     | Killed Harold
 22390 | D:10     | Noticed Urug
 22421 | D:10     | Killed Urug
 22764 | D:9      | Bought a scroll of enchant armour for 120 gold pieces
 22764 | D:9      | Bought a scroll of enchant armour for 120 gold pieces
 22877 | Orc:1    | Entered Level 1 of the Orcish Mines
 23321 | Orc:2    | Found Klidghacs' Gadget Shoppe.
 23642 | Orc:1    | Offered knowledge of Poisonous Cloud by Vehumet.
 23823 | Lair:1   | Learned a level 6 spell: Poisonous Cloud
 23946 | Orc:1    | Reached XP level 14. HP: 79/79 MP: 32/32
 24238 | Orc:3    | You fall through a shaft!
 24238 | Orc:4    | Entered Level 4 of the Orcish Mines
 24238 | Orc:4    | Found Ciranyte's Armour Shoppe.
 24285 | Orc:4    | Found a staircase to the Elven Halls.
 24326 | Orc:3    | Found Froluafo's Magic Scroll Boutique.
 24453 | Orc:3    | Bought a scroll of enchant weapon I for 38 gold pieces
 24711 | Orc:3    | Noticed an orc warlord
 25173 | Orc:3    | Noticed an orc warlord
 25354 | Orc:4    | Noticed Sonja
 25403 | Orc:4    | Killed Sonja
 25881 | Orc:3    | Offered knowledge of Lightning Bolt by Vehumet.
 26131 | Lair:5   | Killed Snorg
 26332 | Lair:6   | Noticed Rupert
 26752 | D:11     | Learned a level 5 spell: Lightning Bolt
 27786 | D:12     | Reached skill level 10 in Stealth
 27889 | D:12     | Found a shadowy altar of Dithmenos.
 28074 | D:12     | Reached skill level 10 in Spellcasting
 28469 | D:12     | Reached skill level 12 in Fighting
 28636 | D:12     | Offered knowledge of Conjure Ball Lightning by Vehumet.
 29471 | D:13     | Found a gate to the Vaults.
 29626 | D:13     | Noticed Erolcha
 29646 | D:13     | Killed Erolcha
 29861 | D:13     | Reached XP level 15. HP: 85/85 MP: 25/34
 30703 | D:14     | Reached skill level 10 in Short Blades
 31555 | D:9      | Bought a scroll of acquirement for 832 gold pieces
 31559 | D:9      | Got a shimmering diamond amulet
 31699 | D:15     | Entered Level 15 of the Dungeon
 31704 | D:15     | Identified the amulet "Tygipp" {Gourm rF+ Acc+2} (You acquired it on level 9 of the Dungeon)
 32111 | Lair:1   | Learned a level 6 spell: Conjure Ball Lightning
 32931 | D:15     | Offered knowledge of Spellforged Servitor by Vehumet.
 33158 | D:15     | Reached skill level 5 in Conjurations
 33312 | D:15     | Found a staircase to the Depths.
 34028 | Orc:3    | Killed an orc warlord
 34319 | Orc:3    | Killed an orc warlord
 34367 | Orc:3    | Identified a +4 rod of ignition (14/14) (You took it off an orc warlord on level 3 of the Orcish Mines)
 34660 | Orc:3    | Bought a scroll of acquirement for 572 gold pieces
 35568 | Orc:4    | Offered knowledge of Iron Shot by Vehumet.
 35796 | Orc:4    | Found Liewin's Weapon Emporium.
 35797 | Orc:4    | Found Couzucs' Book Shop.
 35798 | Orc:4    | Found Phuusud's Assorted Antiques.
 35800 | Orc:4    | Found Cuigriung's General Store.
 36125 | Snake:1  | Entered Level 1 of the Snake Pit
 36739 | Snake:1  | Reached XP level 16. HP: 90/90 MP: 35/35
 36751 | Snake:1  | Learned a level 2 spell: Sure Blade
 37073 | Snake:2  | Reached skill level 10 in Dodging
 37250 | Snake:2  | Found a white marble altar of Elyvilon.
 39000 | Snake:3  | Noticed Aizul
 39035 | Snake:3  | Killed Aizul
 39839 | Snake:3  | Found an ancient bone altar of Kikubaaqudgha.
 40195 | Snake:4  | Reached skill level 13 in Fighting
 40219 | Snake:4  | Got a twisted leather armour
 40227 | Snake:4  | Identified the +3 leather armour "Horat" {rElec} (You found it on level 4 of the Snake Pit)
 40502 | Snake:4  | Cast into the Abyss (a distortion unwield)
 40518 | Abyss:1  | Found a radiant altar of Vehumet.
 40525 | Abyss:1  | Found a radiant altar of Vehumet.
 40611 | Abyss:1  | Noticed a tentacled starspawn
 40621 | Abyss:1  | Noticed a bone dragon
 40632 | Abyss:1  | Found a corrupted altar of Lugonu.
 40635 | Abyss:1  | Fell from the grace of Vehumet
 40635 | Abyss:1  | Became a worshipper of Lugonu the Unformed
 40635 | Abyss:1  | Acquired Lugonu's first power
 40718 | Snake:4  | Escaped the Abyss
 41337 | Snake:4  | Noticed Vashnia
 41675 | Elf:1    | Entered Level 1 of the Elven Halls
 41718 | Elf:1    | Noticed Fannar
 41822 | Elf:1    | Killed Fannar
 42872 | Elf:1    | Learned a level 4 spell: Enslavement
 42928 | Elf:1    | Acquired Lugonu's second power
 43219 | Elf:1    | Learned a level 4 spell: Summon Guardian Golem
 43223 | Elf:1    | Learned a level 3 spell: Dazzling Spray
 43747 | Elf:2    | Reached XP level 17. HP: 91/95 MP: 36/36
 44069 | Elf:2    | Reached skill level 1 in Summonings
 44072 | Elf:2    | Acquired Lugonu's third power
 44169 | Elf:2    | Learned a level 4 spell: Fulminant Prism
 45106 | Elf:3    | Entered Level 3 of the Elven Halls
 45810 | Elf:3    | Noticed a deep elf master archer
 45811 | Elf:3    | Noticed a deep elf blademaster
 45811 | Elf:3    | Noticed a deep elf blademaster
 46163 | Lair:5   | Killed Rupert
 46750 | Lair:6   | Acquired Lugonu's fourth power
 46985 | Lair:6   | Noticed Nergalle
 47000 | Lair:6   | Killed Nergalle
 47148 | Lair:7   | Reached skill level 1 in Invocations
 47837 | Lair:7   | Acquired Lugonu's fifth power
 48328 | Lair:8   | Entered Level 8 of the Lair of Beasts
 50330 | Lair:8   | Found a staircase to the Slime Pits.
 50924 | Shoals:1 | Entered Level 1 of the Shoals
 51162 | Shoals:1 | Corrupted Shoals:1
 51287 | Shoals:1 | Noticed Frances
 51322 | Shoals:1 | Killed Frances
 53210 | Shoals:1 | Reached XP level 18. HP: 101/101 MP: 38/38
 53536 | Shoals:2 | Found Mninuonk's Assorted Antiques.
 53565 | Shoals:2 | Bought a glass ring for 215 gold pieces
 53565 | Shoals:2 | Bought an encrusted ivory ring for 215 gold pieces
 53655 | Shoals:2 | Bought a scroll labeled TAATAS FAXAGA for 43 gold pieces
 53923 | Abyss:1  | Noticed a tentacled starspawn
 53937 | Abyss:1  | Killed a tentacled starspawn
 54281 | Abyss:1  | Paralysed by a giant eyeball for 3 turns
 54420 | Abyss:1  | Found a corrupted altar of Lugonu.
 54548 | Abyss:1  | Found a corrupted altar of Lugonu.
 54725 | Abyss:1  | Found a corrupted altar of Lugonu.
 54726 | Abyss:1  | Found a sparkling altar of Nemelex Xobeh.
 54771 | Abyss:1  | Reached skill level 14 in Fighting
 54802 | Shoals:2 | Escaped the Abyss
 55009 | Shoals:2 | Noticed Asterion
 56144 | Snake:4  | Was forgiven by Vehumet
 56156 | Snake:4  | Killed Vashnia
 56734 | Snake:5  | Entered Level 5 of the Snake Pit
 56963 | Snake:5  | Found a glowing silver altar of Zin.
 58758 | Snake:5  | Reached XP level 19. HP: 78/106 MP: 24/39
 59400 | Snake:5  | Got a serpentine rune of Zot
 59895 | Elf:3    | Killed a deep elf master archer
 60051 | Elf:3    | Noticed a deep elf blademaster
 60075 | Elf:3    | Killed a deep elf blademaster
 60083 | Elf:3    | Noticed a deep elf master archer
 60100 | Elf:3    | Killed a deep elf master archer
 60239 | Elf:3    | Cast into the Abyss (deep elf sorcerer)
 60300 | Elf:3    | Escaped the Abyss
 60329 | Elf:3    | Killed a deep elf blademaster
 60600 | Elf:3    | Noticed a deep elf master archer
 60992 | Elf:3    | Killed a deep elf blademaster
 61130 | Elf:3    | Killed a deep elf master archer
 61264 | Elf:3    | Noticed a deep elf master archer
 61266 | Elf:3    | Noticed a deep elf blademaster
 61727 | Elf:2    | Killed a deep elf blademaster
 62019 | Elf:3    | Killed a deep elf master archer
 62139 | Elf:3    | Got a sparkling bone ring
 62311 | Elf:3    | Got a tattered robe
 62318 | Elf:3    | Identified the cursed -1 robe of Altruism {MR++ Int+1 Dam+3 SInv} (You found it on level 3 of the Elven Halls)
 62328 | Elf:3    | Got a shimmering wooden ring
 62738 | Elf:2    | Identified a +7 rod of inaccuracy (11/11) (You found it on level 3 of the Elven Halls)
 62937 | Elf:3    | Got a twitching iron amulet
 63000 | Elf:3    | Identified the ring "Praod" {+Fly Str-5 Int+2} (You found it on level 3 of the Elven Halls)
 63000 | Elf:3    | Identified the amulet of Pigaohih {Clar Str+1 Dex+1 Int+1} (You found it on level 3 of the Elven Halls)
 63243 | Lair:1   | Learned a level 3 spell: Inner Flame
 63363 | Orc:3    | Bought a scroll of teleportation for 33 gold pieces
 63363 | Orc:3    | Bought a scroll of identify for 22 gold pieces
 63593 | Shoals:2 | Bought a potion of beneficial mutation for 1505 gold pieces
 63594 | Shoals:2 | Gained mutation: You are surrounded by a mild repulsion field (EV +2). [potion of beneficial mutation]
 63868 | Vaults:1 | Entered Level 1 of the Vaults
 64148 | D:13     | Reached skill level 5 in Summonings
 64400 | Vaults:1 | Reached XP level 20. HP: 105/112 MP: 34/40
 65029 | D:9      | Bought a scroll of fog for 32 gold pieces
 65029 | D:9      | Bought a scroll of teleportation for 48 gold pieces
 65133 | Orc:3    | Bought a scroll of identify for 22 gold pieces
 65133 | Orc:3    | Bought a scroll of identify for 22 gold pieces
 65209 | Orc:4    | Bought a scroll of teleportation for 39 gold pieces
 65828 | Vaults:1 | Noticed Agnes
 65832 | Vaults:1 | Killed Agnes
 66312 | Vaults:1 | Reached skill level 5 in Invocations
 67378 | Lair:1   | Learned a level 4 spell: Cause Fear
 67846 | Vaults:2 | Noticed Wiglaf
 67849 | Vaults:2 | Killed Wiglaf
 67932 | Vaults:2 | Noticed Xtahua
 68639 | Shoals:2 | Killed Asterion
 69207 | Shoals:3 | Reached skill level 15 in Fighting
 70666 | Shoals:4 | Found Wusuppu's Gadget Emporium.
 71767 | Shoals:4 | Reached skill level 10 in Ice Magic
 72417 | Shoals:5 | Entered Level 5 of the Shoals
 72419 | Shoals:5 | Found Leupn's Assorted Antiques.
 72422 | Shoals:5 | Bought a steel ring for 85 gold pieces
 73149 | Shoals:5 | Found Daimuga Gutz's Book Shop.
 74004 | Shoals:5 | Got a barnacled rune of Zot
 74094 | Shoals:5 | Reached XP level 21. HP: 117/117 MP: 41/41
 74232 | Shoals:5 | Noticed Ilsuiw
 74451 | Shoals:5 | Killed Ilsuiw
 75148 | Shoals:5 | Reached skill level 15 in Hexes
 75904 | Vaults:2 | Killed Xtahua
 76277 | Vaults:2 | Noticed Saint Roka
 76819 | Depths:1 | Entered Level 1 of the Depths
 77081 | Depths:1 | Found a gateway to Hell.
 77539 | Depths:1 | Noticed Nikola
 77570 | Depths:1 | Killed Nikola
 78688 | Lair:1   | Learned a level 6 spell: Invisibility
 79001 | Depths:1 | Found a one-way gate to the infinite horrors of the Abyss.
 79006 | Depths:1 | Voluntarily entered the Abyss.
 79530 | Depths:1 | Escaped the Abyss
 79657 | Depths:1 | Voluntarily entered the Abyss.
 79707 | Abyss:1  | Reached skill level 15 in Spellcasting
 80714 | Abyss:1  | Reached XP level 22. HP: 94/123 MP: 42/42
 80761 | Abyss:1  | Found a corrupted altar of Lugonu.
 80783 | Abyss:1  | Identified a +9,+8 short sword of distortion (a +9,+8 short sword of freezing corrupted by Lugonu)
 80952 | Abyss:1  | Found a corrupted altar of Lugonu.
 80954 | Abyss:1  | Found a shimmering altar of Xom.
 80954 | Abyss:1  | Found a shimmering altar of Xom.
 80955 | Abyss:1  | Found a corrupted altar of Lugonu.
 80957 | Abyss:1  | Found a shimmering altar of Xom.
 80957 | Abyss:1  | Found a shimmering altar of Xom.
 80958 | Abyss:1  | Found a shimmering altar of Xom.
 80958 | Abyss:1  | Found a shimmering altar of Xom.
 80958 | Abyss:1  | Found a shimmering altar of Xom.
 80958 | Abyss:1  | Found a shimmering altar of Xom.
 81037 | Abyss:1  | Found a shimmering altar of Xom.
 81037 | Abyss:1  | Found a shimmering altar of Xom.
 81037 | Abyss:1  | Found a shimmering altar of Xom.
 81038 | Abyss:1  | Found a shimmering altar of Xom.
 81039 | Abyss:1  | Found a shimmering altar of Xom.
 81039 | Abyss:1  | Found a corrupted altar of Lugonu.
 81040 | Abyss:1  | Found a shimmering altar of Xom.
 81040 | Abyss:1  | Found a shimmering altar of Xom.
 81040 | Abyss:1  | Found a shimmering altar of Xom.
 81040 | Abyss:1  | Found a shimmering altar of Xom.
 81040 | Abyss:1  | Found a shimmering altar of Xom.
 81070 | Abyss:1  | Found a shimmering altar of Xom.
 81070 | Abyss:1  | Found a shimmering altar of Xom.
 81266 | Abyss:1  | Found a corrupted altar of Lugonu.
 81266 | Abyss:1  | Found a shimmering altar of Xom.
 81267 | Abyss:1  | Found a shimmering altar of Xom.
 81789 | Abyss:1  | Gained mutation: You are frail (-10% HP). [a cacodemon]
 81790 | Abyss:1  | Gained mutation: Space occasionally distorts in your vicinity. [a cacodemon]
 81899 | Abyss:1  | Found a corrupted altar of Lugonu.
 81943 | Abyss:1  | Found a corrupted altar of Lugonu.
 81987 | Abyss:1  | Found a corrupted altar of Lugonu.
 82043 | Abyss:1  | Your ally Wewnouw died
 82070 | Abyss:1  | Found a corrupted altar of Lugonu.
 82147 | Abyss:1  | Found a bloodstained altar of Trog.
 82147 | Abyss:1  | Found a corrupted altar of Lugonu.
 82588 | Abyss:1  | Paralysed by a giant eyeball for 4 turns
 82778 | Depths:1 | Escaped the Abyss
 83635 | Depths:1 | Voluntarily entered the Abyss.
 83703 | Abyss:2  | Found a corrupted altar of Lugonu.
 83852 | Abyss:2  | Reached skill level 16 in Fighting
 84103 | Abyss:2  | Found a corrupted altar of Lugonu.
 84965 | Abyss:3  | Gained mutation: Your magical capacity is low (-10% MP). [a neqoxec]
 85481 | Abyss:4  | Reached skill level 15 in Short Blades
 85484 | Abyss:4  | Found a corrupted altar of Lugonu.
 85630 | Abyss:4  | Found a corrupted altar of Lugonu.
 86367 | Abyss:4  | Found a sparkling altar of Nemelex Xobeh.
 86527 | Abyss:4  | Paralysed by accursed screaming for 1 turns
 86528 | Depths:1 | Escaped the Abyss
 87900 | Depths:1 | Voluntarily entered the Abyss.
 88053 | Abyss:1  | Reached XP level 23. HP: 100/115 MP: 37/37
 88058 | Abyss:1  | Reached skill level 15 in Stealth
 88229 | Abyss:2  | Found a sparkling altar of Nemelex Xobeh.
 88421 | Abyss:2  | Gained mutation: Your body is slowly deteriorating. [a neqoxec]
 89167 | Abyss:2  | Paralysed by accursed screaming for 1 turns
 89173 | Abyss:2  | Paralysed by accursed screaming for 1 turns
 89755 | Abyss:3  | Identified Shroplo's Disquisition on Ashen Hexes (You found it on level 3 of the Abyss)
 89857 | Abyss:5  | Entered Level 5 of the Abyss
 90232 | Abyss:5  | Got an abyssal rune of Zot
 90269 | Depths:1 | Escaped the Abyss
 92144 | Lair:1   | Learned a level 6 spell: Mass Confusion
 92414 | Hell     | Entered the Vestibule of Hell
 92414 | Hell     | Noticed Geryon
 92532 | Hell     | Found a gateway to the ashen valley of Gehenna.
 92951 | Depths:1 | Killed from afar by an ice dragon

Action                   |  1- 3 |  4- 6 |  7- 9 | 10-12 | 13-15 | 16-18 | 19-21 | 22-24 || total
-------------------------+-------+-------+-------+-------+-------+-------+-------+-------++-------
Melee: Dagger            |    25 |       |       |     3 |     6 |       |       |       ||    34
       Short sword       |    41 |   231 |   259 |   617 |  1235 |  1389 |  1533 |  1380 ||  6685
Throw: Dart              |     3 |       |       |       |       |       |       |       ||     3
 Cast: Corona            |     7 |     4 |     3 |     5 |     4 |       |     1 |       ||    24
       Ensorcelled Hiber |    16 |    24 |    75 |   179 |   432 |   512 |   565 |   281 ||  2084
       Sure Blade        |       |     2 |     2 |     2 |     3 |    67 |    71 |   110 ||   257
       Confuse           |       |       |     7 |    39 |    66 |    50 |   122 |   139 ||   423
       Enslavement       |       |       |       |    20 |    10 |     7 |       |       ||    37
       Shock             |       |       |       |    30 |    31 |     1 |     1 |       ||    63
       Freeze            |       |       |       |     3 |    18 |       |       |     3 ||    24
       Metabolic Englaci |       |       |       |     1 |       |       |       |       ||     1
       Static Discharge  |       |       |       |       |    12 |       |     1 |       ||    13
       Throw Icicle      |       |       |       |       |    36 |    56 |    28 |     7 ||   127
       Lightning Bolt    |       |       |       |       |     5 |       |       |       ||     5
       Fulminant Prism   |       |       |       |       |       |     8 |     5 |     2 ||    15
       Dazzling Spray    |       |       |       |       |       |     9 |    75 |    76 ||   160
       Summon Guardian G |       |       |       |       |       |     2 |       |     1 ||     3
       Inner Flame       |       |       |       |       |       |       |     1 |       ||     1
       Invisibility      |       |       |       |       |       |       |       |     2 ||     2
Invok: Bend Space        |       |       |       |       |       |     5 |       |     3 ||     8
       Depart the Abyss  |       |       |       |       |       |     2 |     1 |     3 ||     6
       Corrupt           |       |       |       |       |       |     1 |       |       ||     1
       Enter the Abyss   |       |       |       |       |       |     1 |       |       ||     1
 Abil: Evoke Flight      |       |       |       |       |       |       |    13 |       ||    13
Evoke: Wand              |       |       |     5 |    21 |    67 |   107 |    38 |    25 ||   263
       Box of beasts     |       |       |       |       |    32 |       |       |       ||    32
       Stone of tremors  |       |       |       |       |     1 |       |     1 |       ||     2
       Deck              |       |       |       |       |       |     1 |    26 |     5 ||    32
       Sack of spiders   |       |       |       |       |       |       |    23 |       ||    23
       Disc of storms    |       |       |       |       |       |       |    54 |   146 ||   200
       Rod               |       |       |       |       |       |       |     1 |       ||     1
       Lamp of fire      |       |       |       |       |       |       |       |     1 ||     1
  Use: Scroll            |     1 |    14 |    12 |    18 |    33 |    42 |    23 |     5 ||   148
       Potion            |       |     2 |     6 |     6 |     3 |    12 |     7 |     4 ||    40
 Stab: Sleeping          |    10 |    18 |    32 |    98 |   261 |   227 |   210 |   121 ||   977
       Distracted        |       |     1 |       |     2 |     5 |     5 |     8 |     5 ||    26
       Confused          |       |       |     2 |    17 |    19 |    10 |    29 |    25 ||   102
       Paralysed         |       |       |       |     7 |     9 |     1 |       |       ||    17
       Fleeing           |       |       |       |     2 |       |       |       |       ||     2
       Invisible         |       |       |       |       |       |     5 |    15 |    13 ||    33
       Betrayed ally     |       |       |       |       |       |     1 |       |       ||     1
       Held in net/web   |       |       |       |       |       |       |     1 |       ||     1
